Map: Cerulean Fall LE

Players

Juxtapose - Winner!

  • Race: Terran Terran
  • Spawn Location: 1:00

VOD

https://youtu.be/Fa4fN7gv5XY

Description

This was a good match, though I should have been faster, and more careful, with my Liberator harass. Overall though, I'm pleased with my macro progress.

I'm also going to switch back to Variable Vertical Sync as opposed to Vertical Sync to preserve my game's frame rate.

Time

  • Played on: Dec. 22, 2018, 10:29 a.m.
  • Length: 15:08
Show
View Real Time Build Order
Export as new Build Order

Juxtapose Terran - Winner!

Build Orders:  

Get SALT Encoding   

  12  0:01  SCV  
  13  0:18  SCV  
  14  0:37  Supply Depot  
  14  0:38  SCV  
  15  0:59  Refinery  
  15  1:07  SCV  
  16  1:13  Barracks  
  16  1:24  SCV  
  17  1:41  SCV  
  18  1:58  SCV  
  19  2:09  Command Center  
  19  2:21  Marine  
  21  2:31  Orbital Command  
  20  2:47  Barracks Reactor  
  20  3:03  Refinery  
  20  3:08  SCV  
  20  3:25  SCV  
  21  3:41  Factory  
  21  3:42  SCV  
  22  3:55  Orbital Command  
  22  3:59  SCV  
  23  4:05  Bunker  
  23  4:14  Marine x2  
  23  4:16  SCV  
  26  4:33  SCV, Engineering Bay  
  26  4:38  SCV  
  28  4:45  Factory Tech Lab  
  30  4:50  SCV  
  28  4:52  Supply Depot  
  28  4:55  SCV  
  30  5:03  Marine x2  
  30  5:06  SCV  
  33  5:11  Terran Infantry Weapons Level 1  
  33  5:12  SCV  
  33  5:16  Missile Turret  
  34  5:22  Missile Turret  
  34  5:23  SCV  
  34  5:26  Siege Tank  
  34  5:29  SCV  
  39  5:34  Refinery  
  39  5:40  SCV  
  39  5:45  Supply Depot  
  39  5:46  SCV  
  41  6:02  Marine  
  41  6:03  Marine  
  43  6:11  Siege Tank  
  43  6:15  SCV x2  
  48  6:28  Starport  
  48  6:34  SCV  
  48  6:35  SCV  
  48  6:38  Marine x2  
  52  6:40  Refinery  
  52  6:47  Supply Depot  
  52  6:51  SCV  
  52  6:52  SCV  
  52  6:53  Barracks  
  54  7:17  SCV x2, Siege Tank, Marine x2  
  61  7:32  Armory  
  61  7:37  Supply Depot  
  61  7:39  Starport Tech Lab  
  61  7:42  Starport Reactor, Marine  
  62  8:07  Marine x2  
  64  8:19  Supply Depot  
  64  8:32  Marine x2  
  64  8:33  Siege Tank  
  69  8:45  Supply Depot  
  69  8:49  SCV x2  
  77  8:53  Supply Depot  
  77  8:57  Marine  
  78  9:12  Barracks Tech Lab  
  78  9:15  SCV  
  79  9:35  Command Center  
  79  9:36  Marine x2  
  79  9:39  Siege Tank x3  
  81  9:40  Stimpack  
  81  9:42  Siege Tank  
  81  9:46  Marauder  
  81  9:49  Terran Vehicle And Ship Armor Level 1, Medivac x2, Unknown x2  
  87  10:08  Marine x2  
  89  10:16  Marauder  
  89  10:17  Supply Depot  
  89  10:19  Terran Infantry Armor Level 1  
  91  10:33  Marine x2  
  93  10:46  Marine  
  93  10:47  Medivac x2  
  98  10:50  Supply Depot  
  98  10:58  Marine  
  99  11:11  Marauder  
  98  11:22  Supply Depot  
  96  12:09  Marine  
  86  12:10  Marine, Marauder  
  86  12:12  Siege Tank  
  92  12:25  Orbital Command  
  92  12:29  Unknown x2  
  92  12:30  Unknown  
  92  12:34  Marine  
  92  12:35  Marine  
  97  12:40  Marauder  
  99  12:57  Siege Tank  
  102  13:06  Siege Tank  
  102  13:07  Siege Tank  
  102  13:10  Marauder  
  100  13:22  Unknown  
  99  13:33  Unknown  
  99  13:34  Unknown  
  99  13:40  Marauder  
  100  13:57  Marine x2  
  101  14:10  Marauder  
  103  14:24  Marine x2  
Tags
 
Add a new tag
Caveats
  • Supply blocks, unpowered buildings, or Contaminate may cause inaccurate times.
  • Supply counts are checked every 10 seconds.